 Dungeon Crawl Stone Soup version 0.31.0-1-g2c135a008e (webtiles) character file.

Game seed: 13983036608426922106

4890 qw the Skirmisher (level 10, -2/75 HPs)
             Began as a Djinni Hunter on Jan 23, 2024.
             Was a Priest of Okawaru.
             Slain by a skeletal warrior
             ... wielding a +0 hand axe
              (16 damage)
             ... on level 8 of the Dungeon.
             The game lasted 00:01:00 (7025 turns).

qw the Skirmisher (Djinni Hunter)                   Turns: 7025, Time: 00:01:01

Health: -2/75      AC: 15    Str: 10    XL:     10   Next: 79%
Gold:   368        EV: 20    Int: 11    God:    Okawaru [***...] SH:  0 Dex: 21

rFire   + + +        a - +0 shortbow (freeze)
rCold   x . .        (shield currently unavailable)
rNeg    + . .        i - +2 leather armour {rF+}
rPois   inf          (helmet restricted)
rElec   .            l - +2 cloak
rCorr   +            (no gloves)
SInv    .            (boots unavailable)
Will    ++...        n
                       - Hermit's Pendant {Faith Invo=14 Evo=0 MP+5}
Stlth   +++          f - +4 ring of protection
HPRegen 0.32/turn    g - ring of the Squeaky Grape {rN+ Will+ rCorr}
MPRegen 0.00/turn

%: faith, infuse magic (-3 HP)
@: heroic, flying
A: sickness immunity, fire resistance 2, cold vulnerability 1, float, innate
caster, HP casting, extra vitality 1, horns 1, iridescent scales 1
a: Renounce Religion, Heroism


You were on level 8 of the Dungeon.
You worshipped Okawaru.
Okawaru was most pleased with you.
You visited 2 branches of the dungeon, and saw 9 of its levels.

You collected 368 gold pieces.


Innate Abilities, Weirdness & Mutations

You are immune to sickness and miasma.
You are immune to poison.
Your flesh is very heat resistant. (rF++)
You are vulnerable to cold. (rC-)
You float through the air rather than walking.
You learn spells naturally, not from books.
Your magical power is your life essence.
You have superior vitality. (+4 MHP)
You have a pair of small horns on your head.
You are partially covered in iridescent scales. (AC +2)


   Skills:
 - Level 7.0(12.0) Fighting
 + Level 9.7(14.7) Ranged Weapons
 - Level 3.0(8.0) Armour
 - Level 7.2(12.2) Dodging
 - Level 0.7(5.7) Stealth
 - Level 4.0(14.0) Invocations


You knew the following spells:

 Your Spells              Type           Power      Damage    Failure   Level
a - Shock                 Conj/Air       0%         1d3       41%         1
b - Jinxbite              Hex            0%         N/A       56%         2
c - Frozen Ramparts       Ice            0%         1d1       80%         3
d - Passage of Golubria   Tloc           0%         N/A       99%         4
Your spell library was empty.

Inventory:

Hand Weapons
 a - a +0 shortbow of freezing (weapon)
Armour
 i - a +2 leather armour of fire resistance (worn)
 l - a +2 cloak (worn)
 m - +0 steam dragon scales
 t - a +1 leather armour of willpower
Jewellery
 c - an amulet of the acrobat
 f - a +4 ring of protection (left hand)
 g - the ring of the Squeaky Grape (right hand) {rN+ Will+ rCorr}
   (You acquired it on level 3 of the Dungeon)

   [ring of willpower]

   rN+:       It protects you from negative energy.
   Will+:     It increases your willpower.
   rCorr:     It protects you from acid and corrosion.
 n - the Hermit's Pendant (around neck) {Faith Invo=14 Evo=0 MP+5}
   (You found it on level 4 of the Dungeon)

   [amulet of faith]

   Invo=14: It sets your Invocations skill to 14.
   Evo=0: It sets your Evocations skill to 0.
   Faith:     It allows you to gain divine favour quickly.
   MP+5:      It affects your magic capacity (+5).
 q - a ring of fire
Wands
 p - a wand of iceblast (1)
 u - a wand of polymorph (9)
Scrolls
 h - a scroll of enchant armour
 k - 2 scrolls of teleportation
Potions
 b - a potion of heal wounds
 d - 5 potions of curing
 e - 3 potions of enlightenment
 j - a potion of degeneration {unknown}
 o - a potion of invisibility {unknown}
 r - a potion of haste
 v - a potion of brilliance {unknown}

Dungeon Overview and Level Annotations

Branches:
Dungeon (8/15)             Temple (1/1) D:5
   Lair: D:8-11

Altars:
Ashenzari
Dithmenos
Elyvilon
Fedhas
Gozag
Hepliaklqana
Nemelex Xobeh
Okawaru
Qazlal
Ru
Trog
Uskayaw
Wu Jian
Xom
Yredelemnul
Zin
The Shining One
Jiyva

Annotations:
D:5 exclusion: 6 orcs


Message History

The arrow hits the plant.
The plant begins to die.
The arrow freezes the plant.
The plant is lightly damaged.
The skeletal warrior misses you. The wight misses you.
You shoot an arrow. The arrow hits the skeletal warrior!
The arrow freezes the skeletal warrior.
The skeletal warrior is moderately damaged.
The skeletal warrior misses you. The wight misses you.
The skeletal warrior hits you from afar with a +0 halberd!
The skeletal warrior hits you with a +0 hand axe.
You shoot an arrow.
The arrow barely misses the skeletal warrior.
The arrow hits the plant!
The arrow freezes the plant.
The plant is lightly damaged.
The skeletal warrior hits you with a +0 scimitar!
The skeletal warrior hits you but does no damage.
The wight closely misses you.
The skeletal warrior hits you from afar with a +0 halberd.
You shoot an arrow.
The arrow hits the skeletal warrior but does no damage.
The skeletal warrior is moderately damaged.
The skeletal warrior hits you with a +0 scimitar!
You shoot an arrow.
The arrow barely misses the skeletal warrior.
The arrow hits the plant!
The arrow freezes the plant.
The plant is lightly damaged.
The skeletal warrior barely misses you. The wight misses you.
The skeletal warrior misses you.
You shoot an arrow.
The arrow hits the skeletal warrior but does no damage.
The skeletal warrior is moderately damaged.
A nearby plant withers and dies.
The skeletal warrior completely misses you.
The wight misses you. The skeletal warrior barely misses you.
The skeletal warrior misses you.
You shoot an arrow.
The arrow hits the skeletal warrior but does no damage.
The skeletal warrior is moderately damaged.
The skeletal warrior hits you with a +0 scimitar!
The skeletal warrior hits you with a +0 hand axe!
You die... ##..##. .PP.. .P.P...# ....... ....... #z..P..# ##.... ...P...# #..P.P.# ....... ......P# #...P..# ...# .# #.P...####..P..## ...##.## #P...PPP...P...# ........ #P.Pz.zzP..PP##

_.......
#....z%......#
........
#...z@z.....##
........
#....P..P.###
.##.....
####...#### .#
#### #..## .#
#.## .# #.# ##
#.# #######
######.#
......#
#......#


You could see 5 skeletal warriors and a wight.

Vanquished Creatures
  An elephant (D:8)
  Jeremiah (D:7)
  A komodo dragon (D:8)
  Grinder (D:3)
  Sigmund (D:3)
  A steam dragon (D:7)
  Menkaure (D:4)
  An acid dragon (D:6)
  An orc warrior (D:7)
  2 ogres
  3 ice beasts
  2 sky beasts (D:6)
  2 black bears
  2 phantoms (D:4)
  3 bullfrogs
  3 necrophages (D:5)
  A scorpion (D:5)
  A water moccasin zombie (D:5)
  6 wights
  3 killer bees (D:8)
  A bombardier beetle (D:5)
  A centaur zombie (D:5)
  A human zombie (D:5)
  A gnoll bouda (D:5)
  3 hounds
  5 jellies
  4 orc priests
  4 sleepcaps
  5 iguanas
  9 orc wizards
  2 killer bee zombies (D:5)
  A hound zombie (D:5)
  A mummy (D:5)
  9 gnolls
  9 adders
  2 shadow imps
  A white imp (D:7)
  2 ufetubi (D:6)
  A ribbon worm (D:5)
  3 dart slugs
  31 orcs
  9 ball pythons
  4 endoplasms
  7 giant cockroaches
  9 goblins
  4 hobgoblins
  6 jackals
  5 kobolds
  5 quokkas
  7 bats
  2 frilled lizards
  4 rats
195 creatures vanquished.

Notes
Turn   | Place    | Note
-------+----------+-------------------------------------------
     0 | D:1      | qw the Djinni Hunter began the quest for the Orb.
     0 | D:1      | Reached XP level 1. HP: 18/18 MP: 0/0
     0 | D:1      | 0 ||| qw: Version: 0.3-a-136-gdd3b4e8
     0 | D:1      | 0 ||| qw: Game counter: 999
     0 | D:1      | 0 ||| qw: Melee chars always use a shield: true
     0 | D:1      | 0 ||| qw: God list: Okawaru
     0 | D:1      | 0 ||| qw: Allow faded altars: false
     0 | D:1      | 0 ||| qw: Do Orc after clearing Dungeon:15 true
     0 | D:1      | 0 ||| qw: Do second Lair branch before Depths: true
     0 | D:1      | 0 ||| qw: Lair rune preference: random
     0 | D:1      | 0 ||| qw: Goals: Normal
     0 | D:1      | 0 ||| PLANNING D:1-11
   102 | D:1      | Reached XP level 2. HP: 23/23 MP: 0/0
   714 | D:1      | Reached skill level 4 in Ranged Weapons
   714 | D:1      | Reached XP level 3. HP: 28/28 MP: 0/0
   714 | D:1      | Learned a level 1 spell: Shock
   895 | D:1      | 895 ||| UPGRADING to +4 ring of protection.
   896 | D:1      | 896 ||| READING scroll labelled KYATWO GORHAUL.
   897 | D:1      | 897 ||| READING scroll labelled FUUCIFELUH.
   898 | D:1      | 898 ||| READING scroll labelled LIKLEPS JESMOYGHOT.
   898 | D:1      | 898 ||| BRANDING +0 shortbow.
   899 | D:1      | 899 ||| DROPPING scroll of butterflies.
  1010 | D:2      | Reached XP level 4. HP: 34/34 MP: 0/0
  1023 | D:2      | Reached skill level 3 in Fighting
  1101 | D:2      | Reached skill level 3 in Dodging
  1451 | D:2      | Reached XP level 5. HP: 37/40 MP: 0/0
  1451 | D:2      | Learned a level 2 spell: Jinxbite
  1588 | D:2      | 1588 ||| UPGRADING to +0 ring mail.
  1598 | D:2      | 1598 ||| DROPPING +0 leather armour.
  1599 | D:2      | 1599 ||| UPGRADING to +0 cloak.
  1604 | D:2      | 1604 ||| DROPPING ring of wizardry.
  1605 | D:2      | 1605 ||| READING scroll labelled QESHRO YJELIJUDA.
  1605 | D:2      | 1605 ||| ENCHANTING +0 cloak.
  1606 | D:2      | 1606 ||| READING scroll labelled VUOROR OZIQESU.
  1606 | D:2      | 1606 ||| IDENTIFYING inky potion
  1607 | D:2      | 1607 ||| READING 3 scrolls labelled ONIKKIWEEKH.
  1610 | D:2      | 1610 ||| DRINKING 2 emerald potions.
  1611 | D:2      | 1611 ||| DROPPING potion of attraction.
  1652 | D:3      | 1652 ||| STAIRDANCE
  1696 | D:3      | Noticed an ice beast
  1697 | D:3      | 1697 ||| RETREEEEATING.
  1698 | D:3      | 1698 ||| ZAPPING wand of flame (23) at 5,-1 (ice beast;
                  | floor).
  1699 | D:3      | 1699 ||| ZAPPING wand of flame (22) at 4,-1 (ice beast;
                  | floor).
  1700 | D:3      | 1700 ||| RETREEEEATING.
  1701 | D:3      | 1701 ||| ZAPPING wand of flame (21) at 3,0 (ice beast;
                  | floor).
  1702 | D:3      | 1702 ||| ZAPPING wand of flame (20) at 3,0 (ice beast;
                  | floor).
  1703 | D:3      | 1703 ||| ZAPPING wand of flame (19) at 2,0 (ice beast;
                  | floor).
  1704 | D:3      | 1704 ||| ZAPPING wand of flame (18) at 1,0 (ice beast;
                  | floor).
  1705 | D:3      | 1705 ||| RETREEEEATING.
  1706 | D:3      | 1706 ||| RETREEEEATING.
  1707 | D:3      | 1707 ||| RETREEEEATING.
  1708 | D:3      | 1708 ||| RETREEEEATING.
  1709 | D:3      | 1709 ||| RETREEEEATING.
  1710 | D:3      | 1710 ||| RETREEEEATING.
  1711 | D:3      | 1711 ||| ZAPPING wand of flame (17) at 1,0 (ice beast;
                  | floor).
  1711 | D:3      | Killed an ice beast
  1712 | D:3      | Reached skill level 3 in Armour
  1712 | D:3      | Reached XP level 6. HP: 46/46 MP: 0/0
  1792 | D:3      | Noticed Sigmund
  1793 | D:3      | 1793 ||| ZAPPING wand of flame (16) at -4,1 (Sigmund;
                  | floor).
  1795 | D:3      | 1795 ||| ZAPPING wand of flame (15) at -3,-1 (Sigmund;
                  | floor).
  1796 | D:3      | 1796 ||| ZAPPING wand of flame (14) at -2,0 (Sigmund;
                  | floor).
  1797 | D:3      | 1797 ||| ZAPPING wand of flame (13) at -2,0 (Sigmund;
                  | floor).
  1798 | D:3      | 1798 ||| ZAPPING wand of flame (12) at -2,0 (Sigmund;
                  | floor).
  1799 | D:3      | 1799 ||| ZAPPING wand of flame (11) at -2,0 (Sigmund;
                  | floor).
  1799 | D:3      | Killed Sigmund
  1800 | D:3      | Reached skill level 5 in Ranged Weapons
  1800 | D:3      | Reached XP level 7. HP: 50/50 MP: 0/0
  1800 | D:3      | Learned a level 3 spell: Frozen Ramparts
  1990 | D:3      | Noticed Grinder
  2002 | D:3      | 2002 ||| ZAPPING wand of flame (10) at 0,-4 (Grinder;
                  | floor).
  2003 | D:3      | 2003 ||| ZAPPING wand of flame (9) at 0,-3 (Grinder;
                  | floor).
  2004 | D:3      | 2004 ||| ZAPPING wand of flame (8) at 0,-2 (Grinder;
                  | floor).
  2005 | D:3      | 2005 ||| ZAPPING wand of flame (7) at 0,-1 (Grinder;
                  | floor).
  2006 | D:3      | 2006 ||| ZAPPING wand of flame (6) at 0,-1 (Grinder;
                  | floor).
  2007 | D:3      | 2007 ||| ZAPPING wand of flame (5) at 0,-1 (Grinder;
                  | floor).
  2008 | D:3      | 2008 ||| ZAPPING wand of flame (4) at 0,-1 (Grinder;
                  | floor).
  2009 | D:3      | 2009 ||| ZAPPING wand of flame (3) at 0,-1 (Grinder;
                  | floor).
  2010 | D:3      | 2010 ||| ZAPPING wand of flame (2) at 0,-1 (Grinder;
                  | floor).
  2011 | D:3      | 2011 ||| ZAPPING wand of flame (1) at 0,-1 (Grinder;
                  | floor).
  2011 | D:3      | Killed Grinder
  2170 | D:3      | 2170 ||| UPGRADING to amulet of the acrobat.
  2175 | D:3      | 2175 ||| READING scroll of identify.
  2175 | D:3      | 2175 ||| IDENTIFYING viscous clear potion
  2176 | D:3      | 2176 ||| READING scroll labelled WOARRU DILA.
  2176 | D:3      | Identified a scroll of acquirement
  2176 | D:3      | 2176 ||| ACQUIRING ring of the Squeaky Grape {rN+ Will+
                  | rCorr}
  2176 | D:3      | Acquired the ring of the Squeaky Grape {rN+ Will+ rCorr}
  2178 | D:3      | 2178 ||| UPGRADING to ring of the Squeaky Grape {rN+ Will+
                  | rCorr}.
  2179 | D:3      | 2179 ||| DROPPING potion of ambrosia.
  2369 | D:4      | Reached XP level 8. HP: 50/58 MP: 0/0
  2370 | D:4      | 2370 ||| FLEEEEING.
  2371 | D:4      | 2371 ||| FLEEEEING.
  2372 | D:4      | 2372 ||| FLEEEEING.
  2373 | D:4      | 2373 ||| FLEEEEING.
  2374 | D:4      | 2374 ||| FLEEEEING.
  2375 | D:4      | 2375 ||| FLEEEEING.
  2402 | D:4      | Reached skill level 6 in Ranged Weapons
  2476 | D:4      | HP: 12/58 [something (3)]
  2477 | D:4      | 2477 ||| READING 3 scrolls of teleportation.
  2478 | D:4      | HP: 4/58 [something (3)]
  2664 | D:4      | Found a shimmering altar of Xom.
  2664 | D:4      | Found a shimmering altar of Xom.
  2668 | D:4      | Found a shimmering altar of Xom.
  2879 | D:4      | Noticed Menkaure
  2894 | D:4      | Killed Menkaure
  2985 | D:4      | 2985 ||| FLEEEEING.
  2991 | D:4      | 2991 ||| FLEEEEING.
  3053 | D:4      | Reached skill level 7 in Ranged Weapons
  3336 | D:4      | Found a faded altar of an unknown god.
  3336 | D:4      | Found the Hermit's Pendant {Faith Invo=14 Evo=0 MP+5}
  3353 | D:4      | 3353 ||| UPGRADING to Hermit's Pendant {Faith Invo=14 Evo=0
                  | MP+5}.
  3363 | D:4      | 3363 ||| READING scroll of identify.
  3363 | D:4      | 3363 ||| IDENTIFYING fuming silvery potion
  3364 | D:4      | 3364 ||| READING scroll labelled CAMNUK ILOMUET.
  3402 | D:5      | Entered Level 5 of the Dungeon
  3458 | D:5      | 3458 ||| FLEEEEING.
  3459 | D:5      | 3459 ||| FLEEEEING.
  3460 | D:5      | 3460 ||| FLEEEEING.
  3476 | D:5      | 3476 ||| FLEEEEING.
  3477 | D:5      | 3477 ||| FLEEEEING.
  3478 | D:5      | 3478 ||| FLEEEEING.
  3479 | D:5      | 3479 ||| FLEEEEING.
  3480 | D:5      | 3480 ||| STAIRDANCE
  3526 | D:5      | Found a staircase to the Ecumenical Temple.
  3527 | D:5      | 3527 ||| PLANNING TEMPLE
  3543 | D:5      | Reached XP level 9. HP: 65/65 MP: 0/0
  3543 | D:5      | Learned a level 4 spell: Passage of Golubria
  3690 | D:5      | Found a stormy altar of Qazlal.
  3727 | D:5      | Reached skill level 8 in Ranged Weapons
  3759 | D:5      | 3759 ||| FLEEEEING.
  3760 | D:5      | 3760 ||| FLEEEEING.
  3762 | D:5      | 3762 ||| FLEEEEING.
  4081 | D:5      | Found a basalt altar of Yredelemnul.
  4187 | D:5      | Reached skill level 6 in Fighting
  4475 | D:5      | 4475 ||| READING scroll of identify.
  4475 | D:5      | 4475 ||| IDENTIFYING green potion
  4476 | D:5      | 4476 ||| READING scroll labelled ZOEHOPNAYPH.
  4477 | D:5      | 4477 ||| DRINKING 2 white potions.
  4535 | Temple   | Entered the Ecumenical Temple
  4536 | Temple   | 4536 ||| PLANNING OKAWARU WORSHIP
  4545 | Temple   | Became a worshipper of Warmaster Okawaru
  4546 | Temple   | 4546 ||| PLANNING D:1-11
  4779 | D:6      | 4779 ||| READING scroll of enchant armour.
  4779 | D:6      | 4779 ||| ENCHANTING +1 cloak.
  4834 | D:6      | Reached * piety under Okawaru
  4835 | D:6      | Reached skill level 9 in Ranged Weapons
  4937 | D:6      | Identified the +1 quarterstaff of Charred Tenacity {heavy,
                  | rN+ Dex+2}
  5327 | D:6      | 5327 ||| UPGRADING to +2 leather armour of fire resistance.
  5337 | D:6      | 5337 ||| DROPPING +0 ring mail.
  5338 | D:6      | 5338 ||| READING 2 scrolls of identify.
  5338 | D:6      | 5338 ||| IDENTIFYING pink potion
  5339 | D:6      | 5339 ||| DRINKING potion of mutation.
  5339 | D:6      | Gained mutation: You are partially covered in iridescent
                  | scales. (AC +2) [potion of mutation]
  5339 | D:6      | Gained mutation: You have a pair of small horns on your
                  | head. [potion of mutation]
  5340 | D:6      | 5340 ||| READING scroll of identify.
  5340 | D:6      | 5340 ||| IDENTIFYING sedimented dark potion
  5341 | D:6      | 5341 ||| READING scroll labelled HIGHEONOXUSM.
  5442 | D:6      | 5442 ||| READING scroll labelled RAGHUSOLAO.
  5443 | D:6      | 5443 ||| READING scroll labelled DAXYOHALOE.
  5444 | D:6      | 5444 ||| DROPPING potion of magic.
  5481 | D:7      | 5481 ||| STAIRDANCE
  5489 | D:6      | Reached skill level 1 in Invocations
  5500 | D:7      | 5500 ||| STAIRDANCE
  5511 | D:7      | 5511 ||| STAIRDANCE
  5518 | D:7      | 5518 ||| STAIRDANCE
  5540 | D:6      | Reached XP level 10. HP: 61/72 MP: 0/0
  5576 | D:7      | 5576 ||| STAIRDANCE
  5635 | D:7      | Reached skill level 6 in Dodging
  5693 | D:7      | 5693 ||| RETREEEEATING.
  5694 | D:7      | 5694 ||| FLEEEEING.
  5695 | D:7      | 5695 ||| RETREEEEATING.
  5697 | D:7      | 5697 ||| RETREEEEATING.
  5698 | D:7      | 5698 ||| RETREEEEATING.
  5700 | D:7      | 5700 ||| RETREEEEATING.
  5701 | D:7      | 5701 ||| RETREEEEATING.
  5716 | D:7      | Reached skill level 3 in Invocations
  5930 | D:7      | Noticed Jeremiah
  5931 | D:7      | 5931 ||| INVOKING Heroism.
  5951 | D:7      | Reached ** piety under Okawaru
  5956 | D:7      | HP: 17/72 [Jeremiah/divine providence (13)]
  5957 | D:7      | 5957 ||| DRINKING potion of heal wounds.
  5976 | D:7      | HP: 12/72 [Jeremiah/divine providence (12)]
  5977 | D:7      | 5977 ||| READING 2 scrolls of teleportation.
  5978 | D:7      | Killed Jeremiah
  6510 | D:7      | 6510 ||| READING scroll labelled MOTROA UTSU.
  6618 | D:8      | 6618 ||| RETREEEEATING.
  6630 | D:8      | 6630 ||| RETREEEEATING.
  6632 | D:8      | 6632 ||| RETREEEEATING.
  6633 | D:8      | 6633 ||| RETREEEEATING.
  6634 | D:8      | 6634 ||| RETREEEEATING.
  6832 | D:8      | Found a viscous altar of Jiyva.
  6912 | D:8      | Noticed an elephant
  6913 | D:8      | 6913 ||| RETREEEEATING.
  6914 | D:8      | 6914 ||| RETREEEEATING.
  6915 | D:8      | 6915 ||| RETREEEEATING.
  6916 | D:8      | 6916 ||| INVOKING Heroism.
  6936 | D:8      | Killed an elephant
  6936 | D:8      | Reached *** piety under Okawaru
  6952 | D:8      | Noticed a komodo dragon
  6953 | D:8      | 6953 ||| FLEEEEING.
  6998 | D:8      | Noticed a skeletal warrior
  7001 | D:8      | Noticed a skeletal warrior
  7001 | D:8      | Noticed a skeletal warrior
  7002 | D:8      | 7002 ||| RETREEEEATING.
  7003 | D:8      | Noticed a skeletal warrior
  7004 | D:8      | 7004 ||| RETREEEEATING.
  7005 | D:8      | 7005 ||| INVOKING Heroism.
  7008 | D:8      | 7008 ||| RETREEEEATING.
  7011 | D:8      | 7011 ||| RETREEEEATING.
  7012 | D:8      | 7012 ||| RETREEEEATING.
  7017 | D:8      | Killed a komodo dragon
  7017 | D:8      | Noticed a skeletal warrior
  7025 | D:8      | HP: 14/75 [skeletal warrior/+0 scimitar (15)]
  7025 | D:8      | Slain by a skeletal warrior

Levels and vault maps discovered:
D:1:      matt_arrival_spirals, layout_basic, nicolae_eternal_life
D:2:      cheibrodos_helix_gallery, layout_rooms, minmay_misc_feat_five,
          palyth_stone_intersect, minmay_misc_feat_enclosed,
          grunt_ministairs_12, chequers_avenue, minmay_pentomino_o2
D:3:      layout_rooms, chequers_garden, serial_bayou_ford_a, uniq_sigmund,
          uniq_grinder
D:4:      layout_loops_ring, xom_redecorated, mainiacjoe_overflow_24_doors,
          hangedman_decor_clover_reticule, hellmonk_guarded_unrand_hermit,
          uniq_menkaure
D:5:      layout_rooms, lemuel_mausoleum_altar_yredelemnul,
          mainiacjoe_overflow_cross_hatched, minmay_temple_entry_statues
D:6:      layout_loops_ring
D:7:      layout_cave_pools, uniq_jeremiah
D:8:      layout_loops_cross, lemuel_doored_altar,
          grunt_lair_entry_orc_guard_hut, chequers_mini_garden, jiyva_altar_1
Temple:   eino_temple_scatter_basement

Skill      XL: |  1  2  3  4  5  6  7  8  9 10 |
---------------+-------------------------------+-----
Ranged Weapons | 4 5 7 9 |  9.7
Fighting       | 3 4 5 6 7 |  7.0
Dodging        | 3 4 5 7 |  7.2
Armour         | 3 |  3.0
Invocations    | 1 4 |  4.0
Stealth        | |  0.7

Action                     |  1- 3 |  4- 6 |  7- 9 | 10-12 || total
---------------------------+-------+-------+-------+-------++-------
   Fire: Shortbow          |    70 |    96 |   479 |   212 ||   857
 Invoke: Heroism           |       |       |       |     3 ||     3
  Evoke: Wand              |       |    13 |    10 |       ||    23
    Use: Scroll            |     3 |     3 |    13 |     2 ||    21
         Potion            |       |     1 |     2 |     1 ||     4
 Armour: Leather armour    |    21 |    16 |    31 |    94 ||   162
         Ring mail         |       |    16 |   224 |       ||   240
  Dodge: Dodged            |    24 |    38 |   255 |   149 ||   466

Table legend:
 A = Non-vault XP
 B = Vault XP
 C = Vault XP percentage of total XP
 D = Non-vault monster count
 E = Vault monster count
 F = Vault count percentage of total count
                 A         B        C        D         E       F
            +---------+---------+-------+---------+---------+-------
      Total |    4084 |    2903 |  41.5 |     167 |      28 |  14.4
            +---------+---------+-------+---------+---------+-------
        D:1 |      34 |       0 |   0.0 |      19 |       0 |   0.0
        D:2 |     101 |       6 |   5.6 |      20 |       4 |  16.7
        D:3 |     210 |     495 |  70.2 |      22 |       2 |   8.3
        D:4 |     691 |     224 |  24.5 |      32 |       2 |   5.9
        D:5 |     724 |     672 |  48.1 |      30 |      12 |  28.6
        D:6 |     910 |       0 |   0.0 |      23 |       0 |   0.0
        D:7 |    1090 |     357 |  24.7 |      15 |       1 |   6.2
        D:8 |     324 |    1149 |  78.0 |       6 |       7 |  53.8
            +---------+---------+-------+---------+---------+-------
